 Dungeon Crawl Stone Soup version 0.20-a0-631-g6870b83 (webtiles) character file.

3101 RumaTero the Carver (level 10, -21/68 HPs)
             Began as a Halfling Fighter on Feb 11, 2017.
             Was a Follower of the Shining One.
             Killed from afar by an efreet (27 damage)
             ... with a fireball
             ... on level 8 of the Dungeon.
             The game lasted 00:20:01 (7169 turns).

RumaTero the Carver (Halfling Fighter)              Turns: 7169, Time: 00:20:02

Health: -21/68     AC: 14    Str: 23    XL:     10   Next: 13%
Magic:  10/10      EV: 10    Int:  6    God:    the Shining One [*.....]
Gold:   376        SH: 13    Dex: 15    Spells: 9/9 levels left

rFire    . . .     SeeInvis .   i - +2 falchion
rCold    . . .     Gourm    .   N - +0 plate armour
rNeg     . . .     Faith    .   c - +1 shield
rPois    .         Spirit   .   (no helmet)
rElec    .         Reflect  .   (no cloak)
rCorr    .         Harm     .   (no gloves)
MR       .....                  L - +0 pair of boots
Stlth    ..........             (no amulet)
Regen    0.3/turn               D - +3 ring of strength
                                j - +3 ring of evasion

@: very slightly contaminated, hasted, glowing, very quick
A: fangs 1, mutation resistance 1
a: Renounce Religion


You were on level 8 of the Dungeon.
You worshipped the Shining One.
The Shining One was aware of your devotion.
You were not hungry.

You visited 1 branch of the dungeon, and saw 8 of its levels.

You collected 376 gold pieces.

Inventory:

Hand Weapons
 a - a +0 long sword
 i - a +2 falchion (weapon)
 r - a +1 spear of piercing
 t - a cursed -2 trident
Armour
 b - a +0 scale mail
 c - a +1 shield (worn)
 x - a +0 chain mail
 L - a +0 pair of boots (worn)
 N - a +0 plate armour (worn)
Jewellery
 j - a +3 ring of evasion (left hand)
 D - a +3 ring of strength (right hand)
 I - a cursed ring of teleportation {unknown}
 O - an uncursed ring of fire {unknown}
Wands
 M - a wand of lightning (5/15)
Scrolls
 d - a scroll of amnesia {unknown}
 l - 2 scrolls of random uselessness {unknown}
 o - 2 scrolls of teleportation {unknown}
 q - a scroll of enchant armour
 s - 2 scrolls of remove curse
 u - a scroll of recharging {unknown}
 v - a scroll of immolation {unknown}
 w - a scroll of enchant weapon {unknown}
 y - 4 scrolls of magic mapping {unknown}
 F - a scroll of fear {unknown}
 H - a scroll of noise {unknown}
 K - a scroll of identify
Potions
 e - a potion of mutation
 g - 2 potions of flight
 h - 2 potions of magic
 m - a potion of ambrosia {unknown}
 n - 2 potions of haste
 p - 5 potions of brilliance {unknown}
 z - 2 potions of curing {unknown}
 B - a potion of agility {unknown}
 E - a potion of cancellation {unknown}
 P - a potion of berserk rage {unknown}
Books
 C - a book of Flames

   Spells                             Type                      Level
   a - Flame Tongue                   Conjuration/Fire             1
   b - Throw Flame                    Conjuration/Fire             2
   c - Conjure Flame                  Conjuration/Fire             3
   d - Inner Flame                    Hexes/Fire                   3
   e - Sticky Flame                   Conjuration/Fire             4
   f - Fireball                       Conjuration/Fire             5
 G - a book of Minor Magic

   Spells                             Type                      Level
   a - Magic Dart                     Conjuration                  1
   b - Blink                          Translocation                2
   c - Call Imp                       Summoning                    2
   d - Slow                           Hexes                        2
   e - Conjure Flame                  Conjuration/Fire             3
   f - Mephitic Cloud                 Conjuration/Poison/Air       3
Comestibles
 f - 5 bread rations
 k - 11 royal jellies
 A - 2 meat rations
 Q - 6 chunks of flesh


   Skills:
 + Level 6.0 Fighting
 * Level 8.8 Long Blades
 + Level 7.4 Armour
 + Level 7.5 Shields


You had 9 spell levels left.
You didn't know any spells.

Dungeon Overview and Level Annotations

Branches:
Dungeon (8/15)
 Temple: D:4-7         Lair: D:8-11

Altars:
Dithmenos
Makhleb
Yredelemnul
The Shining One

Shops:
D:7 (

Annotations:
D:6 Menkaure


Innate Abilities, Weirdness & Mutations

You are small and have problems with some larger weapons.
You are somewhat resistant to further mutation.
You have very sharp teeth.


Message History

The fireball explodes!
The fireball engulfs you!
* * * LOW HITPOINT WARNING * * *
The fireball engulfs the efreet.
The efreet completely resists.
You hit the efreet but do no damage.
The efreet is heavily wounded.
You hit the efreet.
The efreet is severely wounded.
The efreet gestures at you. The bolt of fire hits you!
* * * LOW HITPOINT WARNING * * *
You hit the efreet but do no damage.
The efreet is severely wounded.
You hit the efreet but do no damage. You bite the efreet, but do no damage.
The efreet is severely wounded.
You block the efreet's attack.
You hit the efreet.
The efreet is severely wounded.
The efreet gestures at you.
The fireball explodes!
The fireball engulfs you!
You die...

.....# .....#
.)...# ..####
....#########
............##
.....######..#
...###
#..######## ...#
#..#..@R.[# ...#
#..#..#%)(# ####
#..#..#$.$#
#..#..#####
#..#......#
#..#......# ####
.#####..#####..#
...#
.....#..#......#
...#
.....#..#......#


You could see an efreet.

Vanquished Creatures
  An ugly thing (D:8)
  Eustachio (D:6)
  Edmund (D:5)
  A water moccasin (D:5)
  2 ogres (D:4)
  4 centaurs
  Blork the orc (D:5)
  2 bullfrogs
  2 big kobolds (D:7)
  A scorpion (D:7)
  Dowan (D:6)
  4 wights (D:6)
  4 crimson imps
  3 centaur zombies
  3 hounds
  6 orc wizards
  A bullfrog zombie (D:5)
  3 jellies
  4 orc priests
  2 bullfrog skeletons
  6 iguanas
  Ijyb (D:2)
  4 worker ants
  A hound zombie (D:7)
  8 adders
  2 oozes
  4 adder skeletons
  An adder zombie (D:7)
  4 worms
  4 dart slugs
  6 leopard geckos
  12 orcs
  10 giant cockroaches
  3 goblins
  9 hobgoblins
  15 jackals
  11 kobolds
  3 quokkas
  A ball python (D:3)
  3 bats
  15 frilled lizards
  A leopard gecko skeleton (D:6)
  A quokka skeleton (D:5)
  14 rats
186 creatures vanquished.

Vanquished Creatures (others)
  An orc wizard (D:7)
1 creature vanquished.

Grand Total: 187 creatures vanquished

Notes
Turn   | Place    | Note
-------+----------+-------------------------------------------
     0 | D:1      | RumaTero the Halfling Fighter began the quest for the Orb.
     0 | D:1      | Reached XP level 1. HP: 15/15 MP: 1/1
   260 | D:1      | Reached XP level 2. HP: 15/20 MP: 2/2
   638 | D:1      | Reached XP level 3. HP: 22/25 MP: 3/3
  1065 | D:2      | Noticed Ijyb
  1084 | D:2      | Killed Ijyb
  1084 | D:2      | Reached XP level 4. HP: 31/31 MP: 4/4
  1268 | D:2      | Reached XP level 5. HP: 32/36 MP: 5/5
  1876 | D:3      | Reached skill level 3 in Long Blades
  2178 | D:3      | Noticed a sky beast
  2443 | D:4      | Found a shadowy altar of Dithmenos.
  2737 | D:4      | Noticed an ogre
  2745 | D:4      | Killed an ogre
  2745 | D:4      | Reached XP level 6. HP: 33/42 MP: 6/6
  2919 | D:4      | Noticed an ogre
  2924 | D:4      | Killed an ogre
  2924 | D:4      | Reached skill level 4 in Long Blades
  3154 | D:5      | Entered Level 5 of the Dungeon
  3164 | D:4      | Reached XP level 7. HP: 11/47 MP: 7/7
  3167 | D:4      | Gained mutation: You have very sharp teeth. [potion of mutation]
  3171 | D:4      | Reached skill level 5 in Armour
  3413 | D:5      | Noticed Edmund
  3807 | D:4      | Reached skill level 5 in Shields
  4124 | D:5      | Noticed Blork the orc
  4289 | D:5      | Found a burning altar of Makhleb.
  4358 | D:5      | Killed Edmund
  4358 | D:5      | Reached skill level 5 in Long Blades
  4519 | D:5      | Reached XP level 8. HP: 47/54 MP: 8/8
  4557 | D:5      | Found a basalt altar of Yredelemnul.
  4754 | D:5      | Killed Blork the orc
  5038 | D:5      | Reached skill level 6 in Long Blades
  5293 | D:6      | Noticed Eustachio
  5417 | D:6      | Killed Eustachio
  5417 | D:6      | Reached skill level 5 in Fighting
  5588 | D:6      | Reached XP level 9. HP: 61/61 MP: 9/9
  5773 | D:6      | Reached skill level 7 in Long Blades
  5941 | D:6      | Noticed Dowan
  5972 | D:6      | Killed Dowan
  6046 | D:6      | Noticed Menkaure
  6334 | D:7      | Found a glowing golden altar of the Shining One.
  6349 | D:7      | Became a worshipper of the Shining One
  6688 | D:7      | Found Unebluhe's Antique Weapon Shoppe.
  6811 | D:8      | Reached skill level 8 in Long Blades
  7108 | D:8      | Reached * piety under the Shining One
  7114 | D:8      | Reached XP level 10. HP: 58/68 MP: 10/10
  7137 | D:8      | Noticed an efreet
  7138 | D:8      | Noticed a red ugly thing
  7155 | D:8      | Killed a brown ugly thing
  7169 | D:8      | Killed from afar by an efreet

Vault maps used:
D:1:      erik_arrival_cave_to_civilisation
D:2:      minmay_lizard_king, uniq_iyjb
D:4:      first_bread, minivault_27, grunt_dithmenos_smoke
D:5:      yredelemnul_altar_generic, lemuel_crystal_altar,
          grunt_decor_one_mirror, st_stairs_14, uniq_blork_the_orc, uniq_edmund
D:6:      temple_doors_cd, uniq_eustachio, uniq_menkaure, uniq_duvessa
D:7:      lemuel_ice_spiral_2, nicolae_tso_carved_into_rock, serial_shops,
          kennysheep_little_box
D:8:      kennysheep_windowed_halls

Skill      XL: |  1  2  3  4  5  6  7  8  9 10 |
---------------+-------------------------------+-----
Fighting       | 3 4 5 6 |  6.0
Armour         | 4 5 6 7 |  7.4
Shields        | 4 5 6 7 |  7.5
Long Blades    | 3 4 5 6 8 |  8.8

Action                   |  1- 3 |  4- 6 |  7- 9 | 10-12 || total
-------------------------+-------+-------+-------+-------++-------
Melee: Long sword        |   160 |   174 |   278 |       ||   612
       Bite              |       |       |    91 |     9 ||   100
       Falchion          |       |       |   277 |    25 ||   302
  Use: Potion            |       |       |     5 |     2 ||     7
       Scroll            |       |       |     4 |       ||     4
  Eat: Chunk             |     1 |     7 |    12 |     1 ||    21
       Fruit             |       |       |     1 |       ||     1
Armor: Scale mail        |    54 |    54 |    18 |       ||   126
       Chain mail        |       |       |    91 |       ||    91
       Plate armour      |       |       |    56 |     1 ||    57
Dodge: Dodged            |    63 |    80 |   173 |     3 ||   319
Block: Shield            |    83 |    75 |   330 |     4 ||   492
       Rpst.: Long sword |    26 |    30 |    29 |       ||    85
       Falchion          |       |       |    25 |     1 ||    26
